 Dungeon Crawl Stone Soup version 0.26-a0-707-g31817bcca1 (webtiles) character file.

Game seed: 1172249723378446987

14297 zazu2006 the Covert (level 12, -8/104 HPs)
             Began as a Naga Hedge Wizard on Oct 27, 2020.
             Was a High Priest of Vehumet.
             Mangled by an eight-headed hydra (12 damage)
             ... on level 3 of the Lair of Beasts.
             The game lasted 00:28:36 (14963 turns).

zazu2006 the Covert (Naga Hedge Wizard)            Turns: 14963, Time: 00:28:36

Health: -8/104     AC: 10    Str: 19    XL:     12   Next: 15%
Magic:  15/22      EV: 11    Int: 17    God:    Vehumet [*****.]
Gold:   821        SH:  0    Dex: 13    Spells: 16/25 levels left

rFire    + + .     SeeInvis +   A - +10 rapier of Analysis {holy, +Blink rF+}
rCold    . . .     Faith    +   (no shield)
rNeg     . . .     Spirit   .   I - +2 leather armour {rF+}
rPois    +         Reflect  .   N - +0 helmet
rElec    .         Harm     .   L - scarf {repulsion}
rCorr    .         Rampage  .   z - +0 pair of gloves
MR       +....                  (no barding)
Stlth    +++++.....             t - amulet of faith
HPRegen  0.27/turn              o - +6 ring of strength
MPRegen  0.18/turn              x - ring of stealth

@: very slightly contaminated, repel missiles, very slow
A: large, see invisible, deformed body, poison resistance, slowness 2, spit
poison 1, AC +4
a: Spit Poison, Renounce Religion, Evoke Blink


You were on level 3 of the Lair of Beasts.
You worshipped Vehumet.
Vehumet was extremely pleased with you.
You visited 3 branches of the dungeon, and saw 14 of its levels.
You also visited: Ossuary.

You collected 821 gold pieces.

Inventory:

Hand Weapons
 A - the +10 rapier of Analysis (weapon) {holy, +Blink rF+}
   (You found it on level 4 of the Dungeon)

   It has been blessed by the Shining One to cause great damage to the undead
   and demons.
   It protects you from fire.
   It lets you blink.
Armour
 n - a +1 cloak of magic resistance
 z - a +0 pair of gloves (worn)
 I - a +2 leather armour of fire resistance (worn)
 L - a scarf of repulsion (worn)
 N - a +0 helmet (worn)
Jewellery
 d - a cursed amulet of inaccuracy {unknown}
 o - a +6 ring of strength (left hand)
 t - an amulet of faith (around neck)
 x - a ring of stealth (right hand)
 F - an uncursed ring of fire
 Q - an uncursed ring of ice {unknown}
Wands
 b - a wand of polymorph (7)
 c - a wand of disintegration (5)
 k - a wand of iceblast (8)
 y - a wand of flame (19)
 M - a wand of random effects (32)
 O - a wand of paralysis (3)
 T - a wand of digging (10)
Scrolls
 a - 5 scrolls of noise
 e - 10 scrolls of remove curse
 f - a scroll of fog {unknown}
 h - 5 scrolls of teleportation
 i - 2 scrolls of blinking {unknown}
 l - a scroll of enchant armour {unknown}
 s - 5 scrolls of immolation {unknown}
 u - a scroll of identify
 B - 3 scrolls of magic mapping
 E - a scroll of vulnerability {unknown}
 J - a scroll of brand weapon {unknown}
Potions
 g - 2 potions of magic
 j - 7 potions of curing
 m - 2 potions of brilliance {unknown}
 p - a potion of might
 q - 3 potions of resistance
 r - 2 potions of heal wounds
 w - 2 potions of haste
 D - 3 potions of ambrosia {unknown}
 G - 2 potions of invisibility
 H - a potion of flight {unknown}
 K - 3 potions of mutation
 P - 2 potions of lignification {unknown}
 S - a potion of berserk rage {unknown}
Miscellaneous
 R - a condenser vane (1/2)


   Skills:
 + Level 5.9 Fighting
 + Level 8.5 Short Blades
 + Level 4.2 Armour
 + Level 4.6 Dodging
 + Level 11.2 Stealth
 + Level 7.1 Spellcasting
 + Level 4.8 Conjurations
   Level 1.0 Summonings
 + Level 1.4 Translocations
 + Level 0.2 Fire Magic
 + Level 4.0 Air Magic
 * Level 10.6 Poison Magic


You had 16 spell levels left.
You knew the following spells:

 Your Spells              Type           Power        Failure   Level
a - Magic Dart            Conj           ###.         1%          1
b - Mephitic Cloud        Conj/Pois/Air  ####....     1%          3
c - Conjure Flame         Conj/Fire      ##......     4%          3
d - Blink                 Tloc           N/A          11%         2

Your spell library contained the following spells:

 Spells                   Type           Power        Failure   Level
 Sticky Flame             Conj/Fire      ##......     13%         4
 Freeze                   Ice            #...         3%          1
 Airstrike                Air            ###.......   7%          4
 Summon Small Mammal      Summ           #...         9%          1
 Frozen Ramparts          Ice            #.....       11%         3
 Animate Skeleton         Necr           #.....       13%         1
 Pain                     Necr           #...         13%         1
 Call Imp                 Summ           #.......     13%         2
 Hailstorm                Conj/Ice       ##......     13%         4
 Slow                     Hex            #.......     21%         2
 Call Canine Familiar     Summ           #.......     26%         3
 Summon Guardian Golem    Hex/Summ       #.......     32%         3
 Irradiate                Conj/Tmut      ##........   32%         5
 Ozocubu's Armour         Ice            #.......     36%         3
 Vampiric Draining        Necr           #.........   36%         3
 Summon Lightning Spire   Summ/Air       ##......     43%         4
 Summon Ice Beast         Ice/Summ       #.......     71%         4
 Animate Dead             Necr           #.........   78%         4
 Freezing Cloud           Conj/Ice/Air   ###.......   78%         6
 Agony                    Necr           #.......     98%         5


Dungeon Overview and Level Annotations

Branches:
Dungeon (10/15)            Temple (1/1) D:4            Lair (3/6) D:10
 Shoals (0/4) Lair:2       Spider (0/4) Lair:2          Orc (0/2) D:10
Ossuary (visited)

Altars:
Dithmenos
Fedhas
Kikubaaqudgha
Makhleb
Okawaru
Qazlal
Sif Muna
Trog
Vehumet
Xom
The Shining One

Shops:
D:4 =   D:7 *((([

Annotations:
D:8 3 runed translucent doors
Lair:2 exclusion: oklob plant


Innate Abilities, Weirdness & Mutations

You cannot wear boots.
Your serpentine skin is tough. (AC +4)
You have supernaturally acute eyesight. (SInv)
Armour fits poorly on your strangely shaped body.
Your system is resistant to poisons. (rPois)
You cover ground very slowly.
You can spit poison.


Message History

Vehumet accepts your kill.
You feel your power returning.
Evoke which item? (* to show all) (? for menu, Esc to quit)
Aiming: Paralyse
Press: ? - help, Shift-Dir - straight line, f - eight-headed hydra
Aim: an eight-headed hydra (flame, chance to defeat MR: 15%)
The eight-headed hydra resists with almost no effort.
The eight-headed hydra is engulfed in blazing flames.
Casting: Conjure Flame (mildly dangerous; 4% risk of failure)
Confirm with . or Enter, or press ? or * to list all spells.
You miscast Blink.
You are very lightly contaminated with residual magic.
Nothing appears to happen.
The eight-headed hydra bites you.
* * * LOW HITPOINT WARNING * * *
The eight-headed hydra bites you.
* * * LOW HITPOINT WARNING * * *
The eight-headed hydra bites you!
* * * LOW HITPOINT WARNING * * *
The eight-headed hydra bites you!
You die...

.##........... .......
...........# PP....P#
.##.D....#######.....P
.##......##...#.....##
.##.......#../#......+
##.......#.........#
.#.......D....☼....##
.........#...P#D....#
.........##..###@...#
........................
###.#######.##.#.###...#
### ## ##### #.# #


You could see an eight-headed hydra.

Vanquished Creatures
  A hydra (Lair:1)
  2 two-headed ogres
  An ugly thing (D:9)
  A molten gargoyle (Lair:3)
  4 cane toads
  Joseph (D:7)
  A komodo dragon (Lair:2)
  2 trolls (D:8)
  3 jumping spiders (Lair:2)
  A hornet (D:10)
  Grinder (D:3)
  4 redbacks (Lair:2)
  Sigmund (D:3)
  2 wyverns
  17 yaks
  A steam dragon (D:10)
  Menkaure (D:7)
  5 water moccasins
  5 orc warriors
  2 ice beasts
  A necrophage (D:6)
  2 black bears
  2 ogres
  3 centaurs
  6 wolves (Lair:2)
  2 phantoms (D:7)
  A big kobold (D:9)
  Blork the orc (D:6)
  4 bullfrogs
  5 water moccasin zombies (Ossuary)
  3 scorpions
  A howler monkey (D:9)
  8 wights (D:8)
  An electric eel (D:8)
  3 lava snakes (Lair:3)
  10 hounds
  4 orc priests
  Crazy Yiuf (D:2)
  7 orc wizards
  A bullfrog skeleton (D:10)
  3 centaur skeletons
  Jessica (D:3)
  3 iguanas
  Natasha (thrice) (D:2)
  4 worker ants
  4 big kobold zombies (Ossuary)
  2 hound zombies
  A hound skeleton (D:7)
  2 mummies (Ossuary)
  3 gnolls (D:4)
  A howler monkey skeleton (D:8)
  9 adders
  2 shadow imps
  A white imp (D:5)
  An ufetubus (D:10)
  An ooze (D:4)
  2 adder zombies (Ossuary)
  An adder skeleton (D:5)
  4 worms
  3 dart slugs
  3 leopard geckos
  41 orcs
  6 giant cockroaches
  8 goblins
  14 hobgoblins
  8 jackals
  16 kobolds
  8 quokkas
  9 bats
  5 frilled lizards
  2 gnoll zombies (Ossuary)
  5 hobgoblin zombies (Ossuary)
  6 kobold zombies (Ossuary)
  4 orc zombies (Ossuary)
  A quokka skeleton (D:6)
  5 rats
  2 rat zombies (D:4)
316 creatures vanquished.

Vanquished Creatures (others)
  A wizard (D:10)
  A lava snake (Lair:3)
  11 fungi
  7 plants
20 creatures vanquished.

Grand Total: 336 creatures vanquished

Notes
Turn   | Place    | Note
-------+----------+-------------------------------------------
     0 | D:1      | zazu2006 the Naga Hedge Wizard began the quest for the Orb.
     0 | D:1      | Reached XP level 1. HP: 15/15 MP: 4/4
   193 | D:1      | Reached XP level 2. HP: 14/22 MP: 0/6
   911 | D:1      | Reached XP level 3. HP: 28/28 MP: 2/8
   916 | D:1      | Learned a level 3 spell: Mephitic Cloud
   920 | D:1      | Learned a level 3 spell: Conjure Flame
   923 | D:1      | Learned a level 2 spell: Blink
  1380 | D:2      | Found a burning altar of Makhleb.
  1380 | D:2      | Found a shimmering blue altar of Sif Muna.
  1478 | D:2      | HP: 1/28 [worm (10)]
  1800 | D:2      | Reached skill level 1 in Fighting
  1800 | D:2      | Reached XP level 4. HP: 11/38 MP: 7/10
  1805 | D:2      | HP: 1/38 [hobgoblin/+0 club (2)]
  2220 | D:2      | Reached XP level 5. HP: 5/44 MP: 1/11
  3147 | D:2      | Noticed Natasha
  3159 | D:2      | Killed Natasha
  3159 | D:2      | Reached skill level 1 in Poison Magic
  3242 | D:2      | Found a shimmering altar of Xom.
  3282 | D:2      | Noticed Natasha
  3290 | D:2      | Killed Natasha
  3414 | D:2      | Found a runed translucent door.
  3415 | D:2      | Noticed Crazy Yiuf
  3433 | D:2      | Noticed Natasha
  3461 | D:2      | Killed Natasha
  3461 | D:2      | Reached XP level 6. HP: 22/52 MP: 7/13
  3653 | D:2      | Killed Crazy Yiuf
  3893 | D:3      | Noticed Grinder
  3930 | D:3      | Noticed Sigmund
  3946 | D:3      | Killed Sigmund
  3946 | D:3      | Reached skill level 4 in Stealth
  4056 | D:3      | Killed Grinder
  4056 | D:3      | Reached skill level 1 in Armour
  4056 | D:3      | Reached skill level 5 in Spellcasting
  4056 | D:3      | Reached XP level 7. HP: 21/60 MP: 14/14
  4708 | D:3      | Noticed Jessica
  4719 | D:3      | Killed Jessica
  4763 | D:4      | Found a staircase to the Ecumenical Temple.
  4770 | Temple   | Entered the Ecumenical Temple
  4789 | Temple   | Became a worshipper of Vehumet
  4878 | D:4      | Found a sand-covered staircase.
  4891 | Ossuary  | Entered an ossuary
  4949 | Ossuary  | Reached skill level 1 in Air Magic
  4949 | Ossuary  | Reached XP level 8. HP: 66/68 MP: 16/16
  5031 | Ossuary  | Reached skill level 5 in Stealth
  5182 | Ossuary  | Reached * piety under Vehumet
  5182 | Ossuary  | Offered knowledge of Shock by Vehumet.
  5589 | D:4      | Found a glowing golden altar of the Shining One.
  5589 | D:4      | Found an ancient bone altar of Kikubaaqudgha.
  5641 | D:4      | Found an iron altar of Okawaru.
  5651 | D:4      | Reached skill level 5 in Poison Magic
  5762 | D:4      | Found Nijiamm's Jewellery Emporium.
  5882 | D:4      | Found a shadowy altar of Dithmenos.
  6118 | D:4      | Got an ivory rapier
  6121 | D:4      | Identified the +10 rapier of Analysis {holy, +Blink rF+}
                  | (You found it on level 4 of the Dungeon)
  6127 | D:5      | Entered Level 5 of the Dungeon
  6195 | D:5      | Reached skill level 1 in Short Blades
  6435 | D:5      | Reached skill level 6 in Stealth
  6470 | D:5      | Offered knowledge of Sandblast by Vehumet.
  6480 | D:5      | Reached ** piety under Vehumet
  7047 | D:6      | Reached XP level 9. HP: 51/78 MP: 17/17
  7356 | D:6      | Noticed Blork the orc
  7377 | D:6      | Killed Blork the orc
  7898 | D:7      | Found Byehicim's Weapon Boutique.
  7898 | D:7      | Noticed Joseph
  7898 | D:7      | Noticed Menkaure
  7942 | D:7      | Found Soleluh's Antique Weapon Boutique.
  7951 | D:7      | Offered knowledge of Inner Flame by Vehumet.
  7956 | D:7      | Reached skill level 7 in Stealth
  7981 | D:7      | Reached *** piety under Vehumet
  8000 | D:7      | Killed Menkaure
  8004 | D:7      | HP: 2/78 [phantom (7)]
  8022 | D:7      | Killed Joseph
  8378 | D:7      | Offered knowledge of Olgreb's Toxic Radiance by Vehumet.
  8494 | D:7      | Identified the Reference Book on Combat Magic and Feathers
  8531 | D:7      | Found a stormy altar of Qazlal.
  8614 | D:7      | Found Umorur's Antique Armour Shop.
  8643 | D:7      | Found Laij's Antique Weapon Shoppe.
  8652 | D:7      | Found Koby's Assorted Antiques.
  8868 | D:8      | Reached skill level 5 in Short Blades
  8868 | D:8      | Reached XP level 10. HP: 61/85 MP: 12/18
  9174 | D:8      | Reached **** piety under Vehumet
  9575 | D:8      | Offered knowledge of Fulminant Prism by Vehumet.
  9705 | D:8      | Found a runed translucent gate.
  9705 | D:8      | Found a runed translucent gate.
  9705 | D:8      | Found a runed translucent gate.
  9705 | D:8      | Noticed a white ugly thing
  9705 | D:8      | Noticed a red ugly thing
  9706 | D:8      | Noticed a cyan ugly thing
  9760 | D:8      | Noticed a green ugly thing
  9761 | D:8      | Noticed a green ugly thing
  9761 | D:8      | Noticed a red ugly thing
 10084 | D:9      | Noticed a two-headed ogre
 10093 | D:9      | Killed a two-headed ogre
 10305 | D:9      | Reached skill level 8 in Stealth
 10389 | D:9      | Noticed a cyan ugly thing
 10399 | D:9      | Killed a cyan ugly thing
 10921 | D:10     | Entered Level 10 of the Dungeon
 11007 | D:10     | Found a staircase to the Lair.
 11138 | D:10     | Found a staircase to the Orcish Mines.
 11401 | D:10     | Noticed a two-headed ogre
 11409 | D:10     | Killed a two-headed ogre
 11409 | D:10     | Reached skill level 5 in Fighting
 11409 | D:10     | Reached XP level 11. HP: 83/94 MP: 16/20
 11437 | D:10     | Reached skill level 9 in Stealth
 11575 | D:10     | Found a bloodstained altar of Trog.
 11576 | D:10     | Noticed a wizard
 11581 | D:10     | Killed a wizard
 11665 | Lair:1   | Entered Level 1 of the Lair of Beasts
 12155 | Lair:1   | Noticed an eight-headed hydra
 12171 | Lair:1   | Killed an eight-headed hydra
 13395 | Lair:2   | Reached skill level 10 in Stealth
 13518 | Lair:2   | Reached skill level 10 in Poison Magic
 13640 | Lair:2   | Reached ***** piety under Vehumet
 13921 | Lair:2   | Found a staircase to the Shoals.
 13926 | Lair:2   | Offered knowledge of Sticky Flame by Vehumet.
 13937 | Lair:2   | Found a blossoming altar of Fedhas.
 13937 | Lair:2   | Noticed an oklob plant
 14178 | Lair:2   | Reached skill level 11 in Stealth
 14178 | Lair:2   | Reached XP level 12. HP: 89/103 MP: 22/22
 14322 | Lair:2   | Found a hole to the Spider Nest.
 14918 | Lair:3   | HP: 1/104 [molten gargoyle/bolt of magma (22)]
 14929 | Lair:3   | Noticed an eight-headed hydra
 14963 | Lair:3   | HP: 4/104 [eight-headed hydra (7)]
 14963 | Lair:3   | Mangled by an eight-headed hydra

Illustrated notes

Levels and vault maps discovered:
D:1:      ncdulo_smallfort, layout_basic
D:2:      layout_basic, chequers_temple_overflow_statue_of_worship,
          xom_teletrap_fun, uniq_crazy_yiuf_cottage, uniq_natasha
D:3:      layout_basic, minmay_between, uniq_sigmund, uniq_grinder, uniq_jessica
D:4:      layout_basic, okawaru_gym_becter, grunt_dithmenos_shadows,
          grunt_temple_overflow_open, minmay_temple_entry_junction,
          serial_shops, shop, enter_ossuary_4, chequers_avenue,
          chequers_arboretum
D:5:      layout_basic
D:6:      layout_rooms, serial_glass, glass_columns_a, glass_columns_b,
          glass_columns_a, glass_columns_b, uniq_blork_the_orc
D:7:      layout_rooms, serial_shops, nicolae_shop_stone, shop,
          nicolae_shop_crystal, shop_fountains, nicolae_shop_waterfront,
          nicolae_qazlal_style_of_elements, uniq_joseph, uniq_menkaure
D:8:      layout_basic, ploomutoo_gammafunk_ghost_potion_laboratory,
          nrook_pool_corridor
D:9:      layout_roguey
D:10:     layout_basic, lair_entry_dummy, orc_0_dummy, trog_wizard
Temple:   regret_index_temple_generic_petals
Lair:1:   layout_regular_city, lemuel_fruit_fields
Lair:2:   layout_regular_city, shoals_dummy_entry,
          nicolae_spider_entry_tight_spaces, lemuel_oklob_altar
Lair:3:   cheibrodos_magma_flow, layout_regular_city, lemuel_fruit_fields,
          lemuel_fruit_fields, infiniplex_staircase_pool, serial_bayou_shore_a

Skill      XL: |  1  2  3  4  5  6  7  8  9 10 11 12 |
---------------+-------------------------------------+-----
Fighting       | 1 2 3 4 5 |  5.9
Spellcasting   | 4 5 6 7 |  7.1
Conjurations   | 2 3 4 |  4.8
Dodging        | 2 3 4 |  4.6
Poison Magic   | 1 3 4 5 6 8 10 | 10.6
Stealth        | 4 6 7 8 11 | 11.2
Armour         | 1 2 3 4 |  4.2
Air Magic      | 1 2 3 4 |  4.0
Short Blades   | 2 5 7 8 |  8.5
Summonings     | |  1.0
Translocations | |  1.4
Fire Magic     | |  0.2

Action                   |  1- 3 |  4- 6 |  7- 9 | 10-12 || total
-------------------------+-------+-------+-------+-------++-------
Melee: Dagger            |    24 |    97 |   213 |       ||   334
       Rapier            |       |       |   160 |   330 ||   490
 Cast: Magic Dart        |    66 |    69 |    14 |    17 ||   166
       Mephitic Cloud    |     1 |     4 |    18 |    31 ||    54
       Blink             |       |     1 |     1 |    11 ||    13
       Conjure Flame     |       |       |       |    10 ||    10
 Abil: Spit Poison       |    20 |    11 |     2 |     6 ||    39
Evoke: Wand              |       |       |     1 |     8 ||     9
       Condenser vane    |       |       |       |     1 ||     1
  Use: Potion            |       |     3 |     6 |     1 ||    10
       Scroll            |       |       |     4 |     7 ||    11
 Stab: Sleeping          |     1 |       |     6 |    11 ||    18
       Confused          |       |     4 |    11 |    23 ||    38
Armor: Robe              |     8 |    10 |       |       ||    18
       Leather armour    |       |    11 |   128 |    75 ||   214
Dodge: Dodged            |    28 |    56 |   206 |   132 ||   422
       Repelled          |       |       |       |     1 ||     1

Table legend: (Time is in decaauts)
 A = Elapsed time spent in this place.
 B = Non-inter-level travel time spent in this place.
 C = Inter-level travel time spent in this place.
 D = Time resting spent in this place.
 E = Time spent auto-exploring this place.
 F = Levels seen in this place.
 G = Mean time per level.
                   A        B        C        D        E       F      G
               +--------+--------+--------+--------+--------+-----+--------+
         Total |  17860 |  17270 |    590 |   1875 |  12221 |  15 | 1190.7 |
       Dungeon |  13511 |  12984 |    527 |    825 |   9782 |  10 | 1351.1 |
        Temple |     49 |     49 |      0 |      0 |      0 |   1 |   49.0 |
          Lair |   3864 |   3801 |     63 |    914 |   2401 |   3 | 1288.0 |
       Ossuary |    435 |    435 |      0 |    136 |     38 |   1 |  435.0 |
               +--------+--------+--------+--------+--------+-----+--------+

Top non-repeatable levels by time:
     D:2: 2740 daAuts
  Lair:1: 1824 daAuts
  Lair:2: 1652 daAuts
     D:1: 1631 daAuts
     D:8: 1531 daAuts
     D:6: 1436 daAuts
     D:4: 1242 daAuts
     D:3: 1141 daAuts
     D:5: 1050 daAuts
     D:9: 999 daAuts
    D:10: 967 daAuts
     D:7: 769 daAuts
 Ossuary: 435 daAuts
  Lair:3: 387 daAuts
  Temple: 49 daAuts
